 Dungeon Crawl Stone Soup version 0.28-a0-1312-g71652a0310 (webtiles) character file.

Game seed: 2530795158808439051

217382 ragingrage the Worldbinder (level 17, -10/71 (83) HPs)
             Began as a Felid Summoner on Dec 25, 2021.
             Was an Initiate of Gozag.
             Killed from afar by a deep elf death mage (52 damage)
             ... with a bolt of negative energy
             ... on level 3 of the Elven Halls on Dec 27, 2021.
             The game lasted 02:12:10 (67533 turns).

ragingrage the Worldbinder (Felid Summoner)        Turns: 67533, Time: 02:12:11

HP:   -10/71 (83)   AC:  7    Str:  4    XL:     17   Next: 94%
MP:   27/45         EV: 29    Int: 32    God:    Gozag
Gold: 666           SH:  0    Dex: 18    Spells: 3/45 levels left
                                        Lives: 0   Deaths: 3

rFire   . . .      SeeInvis +   (weapon unavailable)
rCold   + . .      Faith    .   (shield unavailable)
rNeg    . . .      Spirit   .   (armour unavailable)
rPois   .          Reflect  .   (helmet unavailable)
rElec   .          Harm     .   (cloak unavailable)
rCorr   .          Rampage  .   (gloves unavailable)
Will    ++...                   (boots unavailable)
Stlth   +++++++...              b - amulet of magic regeneration
HPRegen 0.21/turn               I - ring of Gepiegemnor {AC+4 Int+9}
MPRegen 0.69/turn               g - ring of magical power

@: studying Stealth, heavily drained, bribing [the Elven Halls], quick
A: very small, claws 1, fangs 3, see invisible, speed 1, shaggy fur 3, stealthy
paws, no weapons or thrown items, no armour, multi-lived
}: 2/15 runes: decaying, serpentine
a: Renounce Religion, Potion Petition, Call Merchant, Bribe Branch


You were on level 3 of the Elven Halls.
You worshipped Gozag.
Gozag was pleased with you.
You visited 7 branches of the dungeon, and saw 35 of its levels.
You also visited: Ossuary and Bailey.

You collected 14351 gold pieces.
You spent 4469 gold pieces at shops.
You paid 9216 gold pieces to Gozag.

Inventory:

Hand Weapons
 k - a +2 vorpal long sword
Jewellery
 b - an amulet of magic regeneration (around neck)
 f - a ring of wizardry
 g - a ring of magical power (right paw)
 H - a ring of resist corrosion
 I - the ring of Gepiegemnor (left paw) {AC+4 Int+9}
   (You bought it in a shop on level 1 of the Snake Pit)

   [ring of protection]

   AC:        It affects your AC (+4).
   Int:       It affects your intelligence (+9).
Wands
 s - a wand of digging (10)
 t - a wand of mindburst (1)
 v - a wand of polymorph (17)
 z - a wand of charming (3)
 C - a wand of paralysis (7)
 E - a wand of flame (4)
 J - a wand of iceblast (13)
Scrolls
 a - 6 scrolls of teleportation
 r - 27 scrolls of identify
 w - a scroll of magic mapping
 y - 6 scrolls of amnesia
 A - 2 scrolls of blinking
 B - 3 scrolls of silence
 D - 3 scrolls of fear
 F - a scroll of holy word
Potions
 c - a potion of attraction
 d - 3 potions of cancellation
 e - 4 potions of berserk rage
 h - 21 potions of curing
 i - 6 potions of haste
 j - 4 potions of flight
 l - 4 potions of lignification
 m - 11 potions of mutation
 n - 5 potions of brilliance
 o - a potion of invisibility
 p - a potion of magic
 q - 13 potions of heal wounds
 u - 5 potions of might
 G - 2 potions of ambrosia


   Skills:
 - Level 14.0 Fighting
 - Level 16.0 Dodging
 + Level 18.8 Stealth
 + Level 14.8 Spellcasting
 - Level 5.0 Hexes
 + Level 22.5 Summonings
 - Level 15.0 Translocations
 - Level 6.0 Air Magic


You had 3 spell levels left.
You knew the following spells:

 Your Spells              Type           Power      Damage    Failure   Level
a - Summon Hydra          Summ           53%        N/A       1%          7
b - Summon Cactus Giant   Summ           53%        N/A       1%          6
c - Call Canine Familiar  Summ           100%       N/A       0%          3
d - Malign Gateway        Summ/Tloc      48%        N/A       1%          7
f - Summon Forest         Summ/Tloc      48%        N/A       1%          5
g - Swiftness             Air            58%        N/A       1%          3
h - Monstrous Menagerie   Summ           53%        N/A       1%          7
i - Airstrike             Air            29%        N/A       1%          4

Your spell library contained the following spells:

 Spells                   Type           Power      Damage    Failure   Level
 Apportation              Tloc           100%       N/A       0%          1
 Summon Small Mammal      Summ           100%       N/A       0%          1
 Call Imp                 Summ           100%       N/A       0%          2
 Animate Skeleton         Necr           46%        N/A       1%          1
 Foxfire                  Conj/Fire      92%        2x1d8     1%          1
 Freeze                   Ice            92%        1d10      1%          1
 Magic Dart               Conj           92%        1d7       1%          1
 Shock                    Conj/Air       100%       1d9       1%          1
 Ensorcelled Hibernation  Hex/Ice        78%        N/A       1%          2
 Dazzling Flash           Conj/Hex       78%        N/A       1%          3
 Inner Flame              Hex/Fire       39%        N/A       1%          3
 Summon Guardian Golem    Hex/Summ       84%        N/A       1%          3
 Tukima's Dance           Hex            54%        N/A       1%          3
 Scorch                   Fire           46%        2d7       2%          2
 Searing Ray              Conj           46%        2d6       2%          2
 Conjure Flame            Conj/Fire      23%        6-21      5%          3
 Frozen Ramparts          Ice            46%        1d6       5%          3
 Ozocubu's Armour         Ice            23%        N/A       5%          3
 Spider Form              Tmut/Pois      23%        N/A       5%          3
 Stone Arrow              Conj/Erth      46%        3d9       5%          3
 Iskenderun's Mystic Bla  Conj/Tloc      64%        2d13      1%          4
 Summon Ice Beast         Ice/Summ       77%        N/A       1%          4
 Summon Lightning Spire   Summ/Air       86%        N/A       1%          4
 Summon Mana Viper        Hex/Summ       84%        N/A       1%          5
 Summon Horrible Things   Summ           53%        N/A       1%          8
 Cause Fear               Hex            27%        N/A       2%          4
 Fulminant Prism          Conj/Hex       19%        3d11      7%          4
 Flame Wave               Conj/Fire      23%        2d6       19%         4
 Hailstorm                Conj/Ice       23%        3d7       19%         4
 Petrify                  Tmut/Erth      23%        N/A       19%         4
 Metabolic Englaciation   Hex/Ice        19%        N/A       19%         5
 Dragon's Call            Summ           53%        N/A       19%         9
 Fireball                 Conj/Fire      11%        3d7       45%         5
 Enfeeble                 Hex            27%        N/A       90%         7
 Eringya's Noxious Bog    Tmut/Pois      11%        N/A       96%         6
 Simulacrum               Ice/Necr       11%        N/A       96%         6
 Starburst                Conj/Fire      11%        6d5       96%         6
 Statue Form              Tmut/Erth      15%        N/A       96%         6
 Dragon Form              Tmut           11%        N/A       100%        7
 Lehudib's Crystal Spear  Conj/Erth      11%        10d4      100%        8
 Animate Armour           Summ/Erth      Unusable   N/A       N/A         4

Dungeon Overview and Level Annotations

Branches:
Dungeon (15/15)            Temple (0/1) D:7            Lair (6/6) D:9
  Swamp (4/4) Lair:2        Snake (4/4) Lair:3        Slime (1/5) Lair:5
    Orc (2/2) D:10            Elf (3/3) Orc:2        Vaults (0/5) D:13
 Depths (0/4) D:15        Ossuary (visited)          Bailey (visited)

Altars:
Gozag
Ru
Uskayaw
Zin
Jiyva

Shops:
D:1 *   D:11 (   Orc:2 (([!   Elf:1 *   Lair:1 *?=::=   Snake:1 *((**!
Snake:2 [

Annotations:
D:4 exclusion: downstairs
D:6 1 exclusion
D:7 3 runed translucent doors, exclusion: upstairs, ThrustWizard's ghost, novice DsWn
Snake:1 exclusion: downstairs
Snake:2 exclusion: downstairs
Snake:3 Mara


Innate Abilities, Weirdness & Mutations

You have sharp claws.
You have razor-sharp teeth.
You have supernaturally acute eyesight. (SInv)
You cover ground quickly. (Speed+)
Your thick and shaggy fur keeps you warm. (AC +3, rC+)
Your paws help you pounce on unaware monsters.
You are incapable of wielding weapons or throwing items.
You cannot wear armour.
You gain extra lives every three experience levels.


Message History

Your five-headed hydra closely misses the +1 short sword of protection.
Your five-headed hydra barely misses the +1 short sword of protection. x2
Your five-headed hydra completely misses the +1 short sword of protection.
You swap places.
The +1 short sword of protection is struck by your cactus giant's spines.
The +1 short sword of protection hits your cactus giant!
The +1 short sword of protection is struck by your cactus giant's spines.
The +1 short sword of protection turns to gold and falls from the air.
You swap places.
You swap places.
You now have 666 gold pieces (gained 6).
Your five-headed hydra disappears in a puff of smoke!
You start resting.
Magic restored.
Your cactus giant disappears in a puff of smoke!
The deep elf pyromancer stares, then turns away, jangling a coin purse.
A dancing weapon, a deep elf pyromancer, a deep elf death mage and a deep elf elementalist come into view.
There is a +5 glaive of pain.
Found a falchion, a scroll of immolation and a wand of charming (5).
Unknown command.
An eight-headed hydra appears.
The deep elf death mage shouts!
The deep elf death mage gestures at you while chanting.
The bolt of negative energy hits you!!!
You feel drained.
You hear a shout!
Unknown command.
You are too injured to fight recklessly!
Unknown command.
Casting: Summon Hydra (dangerous; 1% risk of failure)
Confirm with . or Enter, or press ? or * to list all spells.
The deep elf elementalist shouts!
You hear a shout!
Unknown command.
Casting: Summon Cactus Giant (safe; 1% risk of failure)
Confirm with . or Enter, or press ? or * to list all spells.
A 12-headed hydra appears.
The deep elf death mage casts a spell at you.
The bolt of negative energy hits you!!!
You feel drained.
Ouch! That really hurt!
You die...
Your body crumbles into a pile of gold.

**** *,,,,,,,,** * *,,,,,,,,,**
** ***,,,,,,,,***, *,,,,,,,,,*,*
##### ***,,,*,**,** # ###...##
**,**,**** #
#.CD#..#####********* #
#...D.......,,,,,,,,, ####
####...@....#*,,,,,,8,,8 ...#
#......#.....#*,,,,,,,,,
...#######......#...e..#*,,,****+
........##......#.#(....,,***,,,,
##..###.#####...#.e#....***,,,8,,
#....##.# #...#e.*#..#*,,,,,,,,
).#..##.# #...#?..*.##,,,,***,,
#.#..##.# ##.##/..,,#,,,***,***
#.......# ##.##,,,,**,,**,,,,,*


You could see a deep elf death mage (ally target), a deep elf elementalist
(repels missiles), a +5 glaive of pain (ally target), a neutral deep elf
pyromancer (wandering), a friendly 12-headed hydra (summoned), a friendly
eight-headed hydra (summoned) and a friendly cactus giant (summoned).

Vanquished Creatures
  A vault guard (D:13)
  2 deep elf knights (Elf:2)
  A deep elf archer (Elf:2)
  An orc knight (Orc:1)
  2 deep elf zephyrmancers
  A rime drake (Lair:4)
  2 yaks
  A golden eye (shapeshifter) (Elf:3)
  A water moccasin (Lair:2)
  A boggart (Lair:6)
  A necrophage (D:6)
  A centaur (D:5)
  2 bullfrogs
  An electric eel (Elf:2)
  A bullfrog zombie (D:6)
  A hound (D:5)
  An orc wizard (D:8)
  A scorpion zombie (D:5)
  A river rat (Lair:2)
  2 orcs
  An endoplasm (D:1)
  2 frilled lizards (D:2)
  2 goblins
  An orc zombie (Ossuary)
  4 rats
35 creatures vanquished.

Vanquished Creatures (collateral kills)
  Saint Roka (Snake:3)
  Rupert (D:15)
  Jorgrun (Orc:2)
  A deep elf blademaster (Elf:2)
  A tentacled monstrosity (Swamp:3)
  A thorn hunter (Swamp:4)
  Roxanne (D:14)
  2 nagarajas (Snake:4)
  The ghost of Loom the Destroyer, a journeyman DgCj (Snake:2)
  An orc warlord (Orc:1)
  A deep elf elementalist (Elf:2)
  Aizul (Snake:3)
  4 eleionomae
  A dire elephant (D:15)
  A deep elf demonologist (Elf:2)
  4 bunyips
  A fire dragon (D:15)
  Josephine (Lair:5)
  The ghost of Cringey the Cleaver, a journeyman MiBe of Trog (Orc:2)
  12 naga warriors
  7 vault guards (D:13)
  25 hydras
  2 salamander tyrants (Snake:4)
  A shambling mangrove (Swamp:2)
  2 boulder beetles (Lair:1)
  A catoblepas (Lair:3)
  3 centaur warriors
  3 death knights
  2 ogre magi (Orc:2)
  10 two-headed ogres
  2 ghost crabs (Swamp:4)
  Erica (Orc:1)
  15 alligators
  20 anacondas
  4 tengu warriors
  21 death yaks
  38 dancing weapons
  8 shock serpents
  5 naga sharpshooters
  13 deep elf knights
  2 goliath frogs
  A skeletal warrior (D:14)
  6 salamander mystics
  2 spriggan druids
  9 sea snakes
  10 deep elf archers
  6 bog bodies
  2 deep trolls (Orc:2)
  7 naga ritualists
  4 orc knights
  A wizard (D:14)
  8 swamp dragons
  11 mana vipers
  A phantasmal warrior (D:13)
  2 lindwurms
  21 deep elf pyromancers
  16 deep elf zephyrmancers
  3 manticores
  4 will-o-the-wisps
  7 cyclopes
  16 salamanders
  5 ugly things (D:15)
  13 guardian serpents
  12 elephants (Lair:6)
  42 black mambas
  A gargoyle (D:12)
  A torpor snail (Lair:6)
  8 naga magi
  18 cane toads
  4 rime drakes
  An unseen horror (D:13)
  11 komodo dragons
  A komodo dragon (shapeshifter) (Elf:1)
  4 freezing wraiths
  4 yaktaurs (D:15)
  An ice devil (D:12)
  A bloated husk (Swamp:1)
  A tengu conjurer (D:15)
  8 trolls
  4 polar bears
  9 slime creatures
  5 tyrant leeches
  10 hornets
  9 dream sheep
  23 blink frogs
  Sigmund (D:5)
  A vampire (D:13)
  A centaur simulacrum (D:13)
  9 wraiths
  12 spriggans
  45 yaks
  2 air elementals (Elf:1)
  2 water elementals (Elf:1)
  7 fire elementals (Elf:1)
  13 wyverns
  5 basilisks (Lair:4)
  3 wargs
  10 swamp worms
  29 nagas
  16 water moccasins
  A hell hound (Lair:4)
  2 sky beasts
  12 swamp drakes
  7 black bears
  23 orc warriors
  A necrophage (D:6)
  22 ogres
  3 boggarts (Lair:6)
  21 wolves
  9 centaurs
  A centaur (shapeshifter) (D:15)
  A kobold brigand (D:11)
  13 bullfrogs
  6 scorpions
  A water moccasin zombie (D:5)
  3 killer bees (D:10)
  9 wights
  4 electric eels
  2 nameless horrors
  A howler monkey (D:4)
  A crimson imp (D:12)
  A bullfrog zombie (D:6)
  7 centaur zombies
  Crazy Yiuf (D:5)
  7 centaur skeletons
  A gnoll shaman (D:5)
  A hound (D:6)
  3 human zombies (Ossuary)
  7 orc priests
  2 bullfrog skeletons (D:6)
  4 jellies
  Ijyb (D:5)
  3 iguanas
  Terence (D:2)
  10 hell rats
  Natasha (D:2)
  12 orc wizards
  A scorpion zombie (D:5)
  2 mummies (Ossuary)
  A howler monkey zombie (D:10)
  Robin (D:2)
  4 gnolls
  10 adders
  7 river rats (Lair:2)
  A shadow imp (D:5)
  2 white imps
  2 ufetubi (D:5)
  2 adder skeletons (D:4)
  2 worms
  3 dart slugs
  90 orcs
  4 endoplasms
  17 goblins
  14 hobgoblins
  4 jackals (D:4)
  2 quokkas
  7 ball pythons
  A bat (D:1)
  4 frilled lizards
  A goblin zombie (Ossuary)
  A hobgoblin zombie (Ossuary)
  13 kobolds
  4 rats
  2 rat zombies (D:4)
  3 bushes
1122 creatures vanquished.

Vanquished Creatures (others)
  3 eldritch tentacles (Elf:2)
  Harold (D:11)
  A boulder beetle (D:13)
  3 hydras
  A catoblepas (Lair:2)
  2 two-headed ogres
  2 dancing weapons (Elf:2)
  A death yak (Lair:6)
  A deep elf archer (Elf:1)
  An ugly thing (D:12)
  A black mamba (Lair:3)
  4 cane toads
  4 trolls
  2 meliai (D:10)
  2 bloated husks
  2 hornets (Lair:6)
  An air elemental (Elf:2)
  4 spriggans (Lair:6)
  4 yaks
  A water moccasin (Lair:3)
  3 orc warriors
  An ice beast (D:7)
  2 black bears
  An ogre (D:6)
  7 wolves
  A kobold brigand (D:7)
  A bullfrog (D:6)
  A gnoll sergeant (D:6)
  A water moccasin zombie (D:7)
  2 killer bees (D:10)
  5 wights
  2 orc wizards
  An orc (D:9)
  12 foxfires (Swamp:1)
  50 fungi
  100 plants
  20 snaplasher vines
251 creatures vanquished.

Grand Total: 1408 creatures vanquished

Notes
Turn   | Place    | Note
-------+----------+-------------------------------------------
     0 | D:1      | ragingrage the Felid Summoner began the quest for the Orb.
     0 | D:1      | Reached XP level 1. HP: 7/7 MP: 4/4
   256 | D:1      | Found Wuywiric's Assorted Antiques.
   322 | D:1      | Found a faded altar of an unknown god.
   357 | D:1      | Reached XP level 2. HP: 9/11 MP: 6/6
   425 | D:1      | Learned a level 2 spell: Call Imp
  1046 | D:1      | Reached XP level 3. HP: 14/14 MP: 4/8
  1154 | D:1      | Learned a level 3 spell: Call Canine Familiar
  1262 | D:2      | Noticed Robin
  1303 | D:2      | Killed Robin
  1946 | D:2      | Reached XP level 4. HP: 18/18 MP: 9/9
  1956 | D:2      | Noticed Terence
  2205 | D:2      | Killed Terence
  2206 | D:2      | Reached skill level 5 in Summonings
  2293 | D:2      | Noticed Natasha
  2307 | D:2      | Killed Natasha
  2409 | D:2      | Learned a level 3 spell: Summon Guardian Golem
  3042 | D:3      | Reached XP level 5. HP: 21/21 MP: 9/11
  3639 | D:4      | Noticed a water moccasin
  3655 | D:4      | Killed a water moccasin
  3656 | D:4      | Gained mutation: You are covered in thick fur. (AC +2)
                  | [Felid growth]
  3656 | D:4      | Reached XP level 6. HP: 24/24 MP: 7/13
  3658 | D:4      | Reached skill level 6 in Summonings
  3923 | D:4      | Found a sand-covered staircase.
  3930 | Ossuary  | Entered an ossuary
  4134 | Ossuary  | Reached skill level 5 in Spellcasting
  4324 | Ossuary  | Reached XP level 7. HP: 25/27 MP: 9/15
  5114 | D:4      | Reached skill level 1 in Hexes
  5284 | D:4      | Reached skill level 7 in Summonings
  5433 | D:5      | Entered Level 5 of the Dungeon
  5482 | D:4      | Learned a level 4 spell: Summon Lightning Spire
  5817 | D:5      | Reached XP level 8. HP: 31/31 MP: 17/17
  5851 | D:5      | Noticed Ijyb
  5852 | D:5      | Noticed Sigmund
  5853 | D:5      | Reached skill level 5 in Stealth
  6316 | D:6      | Noticed a boulder beetle
  6327 | D:6      | Reached skill level 5 in Hexes
  6329 | D:6      | Mangled by a boulder beetle
  6330 | D:6      | Reached XP level 7. HP: -8/27 MP: 13/17
  6425 | D:5      | Upgraded the game from 0.28-a0-1236-gb25a51b929 to
                  | 0.28-a0-1286-g6bde065e89
  6440 | D:5      | Killed Ijyb
  6441 | D:5      | Reached skill level 8 in Summonings
  6894 | D:5      | Killed Sigmund
  6895 | D:5      | Reached XP level 8. HP: 31/31 MP: 11/18
  7104 | D:5      | Reached skill level 10 in Stealth
  7314 | D:5      | Found a runed translucent door.
  7315 | D:5      | Noticed Crazy Yiuf
  7322 | D:5      | Killed Crazy Yiuf
  7687 | D:6      | Reached skill level 1 in Fighting
  7869 | D:6      | Reached skill level 1 in Air Magic
  8088 | D:6      | Reached skill level 9 in Summonings
  8581 | D:7      | Reached XP level 9. HP: 37/37 MP: 16/19
  8626 | D:7      | Found a staircase to the Ecumenical Temple.
  8886 | D:7      | Reached skill level 5 in Dodging
  8933 | D:7      | Noticed a troll
  9606 | D:7      | Killed a troll
  9694 | D:7      | Found a runed translucent gate.
  9694 | D:7      | Found a runed translucent gate.
  9695 | D:7      | Found a runed translucent gate.
  9697 | D:7      | Noticed ThrustWizard's ghost (novice DsWn)
 10706 | D:8      | Found a hide-covered altar of Uskayaw.
 10789 | D:8      | Paralysed by a hornet for 3 turns
 11409 | D:9      | Reached XP level 10. HP: 43/43 MP: 20/20
 11440 | D:9      | Noticed a two-headed ogre
 11466 | D:9      | Killed a two-headed ogre
 11467 | D:9      | Reached skill level 10 in Summonings
 11480 | D:9      | Reached skill level 5 in Fighting
 11632 | D:9      | Found a flagged portal.
 11675 | Bailey   | Entered a bailey
 11989 | Bailey   | Noticed an orc knight
 11994 | Bailey   | Upgraded the game from 0.28-a0-1286-g6bde065e89 to
                  | 0.28-a0-1312-g71652a0310
 12063 | Bailey   | Killed an orc knight
 12314 | Bailey   | Reached skill level 5 in Air Magic
 12741 | Bailey   | Identified the +0 helmet "Zytysim" {Rampage Will+ Dex-5}
 12846 | D:9      | Found a staircase to the Lair.
 13267 | D:10     | Entered Level 10 of the Dungeon
 14100 | D:10     | Found a staircase to the Orcish Mines.
 14242 | D:11     | Noticed a two-headed ogre
 14253 | D:11     | Killed a two-headed ogre
 14254 | D:11     | Reached skill level 11 in Summonings
 14254 | D:11     | Reached XP level 11. HP: 49/49 MP: 15/21
 14321 | D:11     | Noticed a two-headed ogre
 14346 | D:11     | Killed a two-headed ogre
 14426 | D:11     | Found Locudghah's Antique Weapon Boutique.
 14648 | D:10     | Reached skill level 10 in Dodging
 14958 | D:11     | Noticed Harold
 15329 | D:11     | Noticed a two-headed ogre
 15359 | D:11     | Killed a two-headed ogre
 15535 | D:11     | Reached skill level 12 in Summonings
 15653 | Orc:1    | Entered Level 1 of the Orcish Mines
 16158 | D:11     | Killed Harold
 16234 | D:11     | Found an opulent altar of Gozag.
 16404 | D:12     | Noticed an eight-headed hydra
 16429 | D:12     | Killed an eight-headed hydra
 16590 | D:12     | Noticed a cyan ugly thing
 16738 | D:12     | Killed a cyan ugly thing
 17065 | D:12     | Learned a level 5 spell: Summon Forest
 17241 | D:13     | Noticed a centaur warrior
 17321 | Lair:1   | Entered Level 1 of the Lair of Beasts
 17373 | D:11     | Became a worshipper of Gozag Ym Sagoz the Greedy
 17483 | Lair:1   | Reached skill level 1 in Translocations
 17530 | Lair:1   | Gained mutation: Your thick and shaggy fur keeps you warm.
                  | (AC +3, rC+) [Felid growth]
 17530 | Lair:1   | Reached XP level 12. HP: 57/57 MP: 20/22
 17855 | Lair:1   | Reached skill level 13 in Summonings
 18158 | Lair:1   | Reached skill level 10 in Fighting
 18411 | Lair:1   | Reached skill level 5 in Translocations
 18568 | Lair:1   | Noticed a boulder beetle
 18577 | Lair:1   | Noticed a death yak
 18582 | Lair:1   | Killed a boulder beetle
 18589 | Lair:1   | Killed a death yak
 18590 | Lair:1   | Reached skill level 14 in Summonings
 18683 | Lair:1   | Noticed a boulder beetle
 18683 | Lair:1   | Found the +3 pair of seven-league boots {Rampage+∞}
 18703 | Lair:1   | Killed a boulder beetle
 19038 | Lair:2   | Noticed a catoblepas
 19049 | Lair:2   | Killed a catoblepas
 19332 | Lair:2   | Noticed a six-headed hydra
 19341 | Lair:2   | Killed a six-headed hydra
 19408 | Lair:2   | Reached skill level 15 in Summonings
 19683 | Lair:2   | Reached XP level 13. HP: 31/61 MP: 15/23
 19860 | Lair:2   | Found a staircase to the Swamp.
 20782 | Lair:3   | Reached skill level 16 in Summonings
 20928 | Lair:3   | Found a staircase to the Snake Pit.
 22021 | Lair:3   | Reached skill level 17 in Summonings
 22782 | Lair:4   | Reached skill level 18 in Summonings
 23382 | Lair:4   | Learned a level 7 spell: Summon Hydra
 23728 | Lair:5   | Found a staircase to the Slime Pits.
 23728 | Lair:5   | Found a viscous altar of Jiyva.
 24156 | Lair:5   | Noticed Josephine
 24161 | Lair:5   | Killed Josephine
 25095 | Lair:6   | Entered Level 6 of the Lair of Beasts
 25108 | Lair:6   | Reached XP level 14. HP: 63/66 MP: 11/24
 25786 | Lair:6   | Reached skill level 19 in Summonings
 27434 | Lair:6   | Identified the +3 flail "Ultimatum" {freeze, rC++}
 27441 | Lair:6   | Identified a scroll of acquirement
 27441 | Lair:6   | Acquired 1015 gold pieces
 27583 | Lair:6   | HP: 3/66 [themself (42)]
 28252 | Lair:6   | Reached skill level 10 in Spellcasting
 28253 | Lair:6   | Reached XP level 15. HP: 69/69 MP: 15/30
 28301 | Lair:6   | Reached skill level 20 in Summonings
 28615 | Slime:1  | Entered Level 1 of the Pits of Slime
 28615 | Slime:1  | Noticed an acid blob
 29039 | Lair:1   | Bought a book of Air for 286 gold pieces
 29043 | Lair:1   | Learned a level 3 spell: Swiftness
 29045 | Lair:1   | Bought a scroll of fear for 52 gold pieces
 29045 | Lair:1   | Bought a scroll of identify for 30 gold pieces
 29045 | Lair:1   | Bought a scroll of identify for 30 gold pieces
 31102 | Orc:2    | Entered Level 2 of the Orcish Mines
 31882 | Orc:2    | Found Quownic's Antique Weapon Shoppe.
 31883 | Orc:2    | Found Tevunut's Distillery.
 31903 | Orc:2    | Found Gehojaall's Antique Weapon Boutique.
 32122 | Orc:2    | Bought a potion of resistance for 140 gold pieces
 32122 | Orc:2    | Bought a potion of curing for 42 gold pieces
 32122 | Orc:2    | Bought a potion of curing for 42 gold pieces
 32122 | Orc:2    | Bought a potion of ambrosia for 112 gold pieces
 32124 | Orc:2    | Found Bafozob's Armour Emporium.
 32154 | Orc:2    | Found a large runed translucent door.
 32154 | Orc:2    | Found a large runed translucent door.
 32157 | Orc:2    | Noticed Cringey's ghost (journeyman MiBe)
 32641 | Orc:2    | Noticed Jorgrun
 32649 | Orc:2    | Killed Jorgrun
 32714 | Orc:2    | Found a staircase to the Elven Halls.
 33017 | Orc:2    | Killed Cringey's ghost
 33446 | Orc:1    | Noticed Erica
 33456 | Orc:1    | Killed Erica
 33608 | Orc:1    | Noticed an orc warlord
 33615 | Orc:1    | Killed an orc warlord
 34456 | D:13     | Found a gate to the Vaults.
 35022 | D:14     | Noticed Roxanne
 35033 | D:14     | Killed Roxanne
 35382 | D:14     | Reached XP level 16. HP: 75/75 MP: 10/32
 36447 | D:15     | Entered Level 15 of the Dungeon
 38867 | D:15     | Found a staircase to the Depths.
 38882 | D:15     | Noticed Rupert
 39043 | D:15     | Killed Rupert
 39213 | D:15     | Learned a level 7 spell: Monstrous Menagerie
 39500 | Swamp:1  | Entered Level 1 of the Swamp
 41020 | Swamp:1  | Got Kolymuy's Guide on the Frostbite and Heat
 42328 | Swamp:2  | Reached skill level 10 in Translocations
 44041 | Swamp:3  | Noticed a tentacled monstrosity
 44050 | Swamp:3  | Killed a tentacled monstrosity
 44305 | Swamp:4  | Entered Level 4 of the Swamp
 44314 | Swamp:4  | Reached skill level 21 in Summonings
 44500 | Swamp:4  | Reached XP level 17. HP: 79/79 MP: 15/34
 47003 | Swamp:4  | Learned a level 6 spell: Summon Cactus Giant
 47124 | Swamp:4  | Got a decaying rune of Zot
 47350 | Snake:1  | Entered Level 1 of the Snake Pit
 47463 | Snake:1  | Found a sacrificial altar of Ru.
 47478 | Snake:1  | Found Tugroiv's Assorted Antiques.
 47645 | Snake:1  | Bought a scroll of identify for 48 gold pieces
 47645 | Snake:1  | Bought a scroll of identify for 48 gold pieces
 47645 | Snake:1  | Bought a scroll of identify for 48 gold pieces
 47810 | Snake:1  | Found Omalemn's Assorted Antiques.
 47867 | Snake:1  | Bought a runed marble ring for 170 gold pieces
 47868 | Snake:1  | Bought a scroll of teleportation for 102 gold pieces
 47868 | Snake:1  | Bought a potion of curing for 102 gold pieces
 47868 | Snake:1  | Bought a potion of curing for 102 gold pieces
 48184 | Snake:1  | Found a glowing silver altar of Zin.
 48224 | Snake:1  | Found Owamull's Distillery.
 48226 | Snake:1  | Found Citur's General Store.
 48228 | Snake:1  | Found Wogge's Antique Weapon Shoppe.
 48232 | Snake:1  | Bought a potion of heal wounds for 65 gold pieces
 48232 | Snake:1  | Bought a potion of curing for 39 gold pieces
 48232 | Snake:1  | Bought a potion of curing for 39 gold pieces
 48232 | Snake:1  | Bought a potion of curing for 39 gold pieces
 48232 | Snake:1  | Bought a potion of brilliance for 52 gold pieces
 48234 | Snake:1  | Bought the ring of Gepiegemnor {AC+4 Int+9} for 1114 gold
                  | pieces
 48237 | Snake:1  | Bought a scroll of fear for 63 gold pieces
 48237 | Snake:1  | Bought a scroll of identify for 36 gold pieces
 48414 | Snake:1  | Found Wunisine's Antique Weapon Boutique.
 48815 | Snake:2  | Found Qeidgh's Antique Armour Shop.
 50255 | Snake:2  | Found a runed translucent door.
 50257 | Snake:2  | Noticed Loom's ghost (journeyman DgCj)
 51197 | Snake:2  | Killed from afar by Loom's ghost
 51198 | Snake:2  | Reached XP level 16. HP: -35/78 MP: 38/43
 51243 | Snake:2  | Killed Loom's ghost
 51639 | Snake:3  | Noticed Mara
 52015 | Elf:1    | Entered Level 1 of the Elven Halls
 52498 | Snake:3  | Noticed Aizul
 52503 | Snake:3  | Killed Aizul
 52506 | Snake:3  | Noticed Saint Roka
 52507 | Snake:3  | Reached XP level 17. HP: 81/81 MP: 3/35
 52518 | Snake:3  | Killed Saint Roka
 52839 | Snake:3  | Noticed ragingrage's illusion
 53009 | Snake:3  | Noticed ragingrage's illusion
 53210 | Snake:4  | Entered Level 4 of the Snake Pit
 53477 | Snake:4  | Reached skill level 15 in Dodging
 53559 | Snake:4  | Reached skill level 15 in Translocations
 60539 | Snake:4  | Got a serpentine rune of Zot
 60898 | Lair:1   | Bought a scroll of teleportation for 96 gold pieces
 60898 | Lair:1   | Bought a potion of curing for 96 gold pieces
 60898 | Lair:1   | Bought a potion of mutation for 256 gold pieces
 60898 | Lair:1   | Bought a scroll of fear for 112 gold pieces
 60898 | Lair:1   | Bought a scroll of teleportation for 96 gold pieces
 60898 | Lair:1   | Bought a scroll of magic mapping for 112 gold pieces
 60900 | Lair:1   | Bought an amulet of magic regeneration for 570 gold pieces
 60998 | Elf:1    | Collided with a tree
 60999 | Elf:1    | Reached XP level 16. HP: -9/79 MP: 35/43
 61100 | Elf:1    | Reached skill level 15 in Stealth
 61493 | Elf:1    | Learned a level 4 spell: Airstrike
 61645 | Elf:1    | Found Subb's Assorted Antiques.
 61656 | Elf:1    | Reached XP level 17. HP: 72/83 MP: 31/35
 61663 | Elf:1    | Bought a potion of curing for 90 gold pieces
 61663 | Elf:1    | Bought a scroll of identify for 60 gold pieces
 61663 | Elf:1    | Bought a potion of curing for 90 gold pieces
 61663 | Elf:1    | Bought a scroll of teleportation for 90 gold pieces
 61801 | Elf:1    | Reached skill level 22 in Summonings
 64363 | Elf:2    | Paralysed by an air elemental for 1 turns
 64551 | Elf:2    | Learned a level 7 spell: Malign Gateway
 65296 | Elf:2    | Found a huge runed translucent gate.
 65297 | Elf:2    | Found a huge runed translucent gate.
 65298 | Elf:2    | Found a huge runed translucent gate.
 65301 | Elf:2    | Noticed a deep elf blademaster
 65513 | Elf:2    | Killed a deep elf blademaster
 65910 | Elf:2    | Found a huge runed translucent gate.
 65911 | Elf:2    | Found a huge runed translucent gate.
 66852 | Elf:3    | Entered Level 3 of the Elven Halls
 67533 | Elf:3    | Killed from afar by a deep elf death mage

Illustrated notes

Levels and vault maps discovered:
D:1:      doesnt_arrival_eight_statues, layout_rooms, serial_shops, shop,
          shapermc_ecumenical_altar_acropolis, item_on_display_a
D:2:      layout_basic, kennysheep_pointless_box, uniq_robin, uniq_natasha,
          uniq_terence
D:3:      layout_loops_ring, minivault_5
D:4:      minmay_skewed_foursquare, layout_basic, enter_ossuary_4,
          minmay_manual_mullet
D:5:      layout_cave_pools, serial_column_ruins, column_ruins_hut_ruined,
          column_ruins_corridor_dead_end, column_ruins_grid_4,
          column_ruins_columns_corner, column_ruins_columns_corner,
          column_ruins_open_medium, uniq_sigmund, uniq_crazy_yiuf_cottage,
          uniq_ijyb
D:6:      layout_cave_pools, nzn_random_ring
D:7:      layout_basic, minmay_temple_entry_proselytizer,
          gammafunk_ghost_necromancy
D:8:      layout_basic, nicolae_uskayaw_murder_on_the_dancefloor
D:9:      layout_roguey, lair_entry_dummy, enter_bailey_3
D:10:     layout_cave_pools
D:11:     layout_loops_cross, serial_shops, shop, grunt_gozag_breadcrumbs,
          uniq_harold
D:12:     kennysheep_demon_hangout, layout_basic
D:13:     layout_big_octagon, erik_vaults_2, roderic_serpentine_path,
          st_stairs_12, hangedman_weighted_door, amcnicky_mini_pool_small,
          tgw_xom
D:14:     layout_loops_ring, uniq_roxanne
D:15:     hangedman_depths_entry_try_elsewhere_first, layout_loops_ring,
          amcnicky_mini_rare_corridor_liquid, special_room [special_room_orc],
          serial_glass, glass_columns_b, glass_columns_a,
          minmay_tree_intersection, glass_columns_b, st_stairs_10, uniq_rupert
Lair:1:   layout_regular_city, hellmonk_guarded_unrand_seven_league_boots,
          grunt_megastairs_5
Lair:2:   layout_gridlike, skrybe_swamp_entry_bodies, kennysheep_rathole
Lair:3:   layout_loops_ring, minmay_snake_entry_six_corridors,
          amcnicky_mini_pool_medium, infiniplex_staircase_pool
Lair:4:   layout_gridlike, special_room [special_room_mythical_zoo]
Lair:5:   layout_long_grid, slime_altar_1, uniq_josephine
Lair:6:   minmay_lair_end_enchanted_forest, layout_gridlike, hibernation_bobbens
Swamp:1:  layout_basic_swamp, evilmike_swamp_ruin_house_3
Swamp:2:  layout_falls_marsh, evilmike_swamp_ruin_wall
Swamp:3:  layout_basic_swamp, evilmike_swamp_ruin_house_5,
          infiniplex_staircase_pool_2
Swamp:4:  swamp, layout_basic_swamp
Snake:1:  layout_misc_corridors, serial_shops, shop, shop, shop,
          hangedman_feature_mirror, minmay_shop_star
Snake:2:  minmay_snake_river, layout_cave_pods, ebering_ghost_inner_flame,
          serial_shops, nicolae_stop_n_shop_1, grunt_ministairs_13
Snake:3:  layout_basic, serial_shops, nicolae_shop_hallway_plus,
          serial_bayou_shore_a, uniq_aizul, uniq_mara, uniq_saint_roka
Snake:4:  snake_pit_salamanders_mu, layout_cave_town
Slime:1:  layout_caves
Orc:1:    layout_caves, minmay_orc_barracks, uniq_erica
Orc:2:    st_orc_open, layout_diamond_mine, ebering_ghost_disaster_area,
          uniq_jorgrun
Elf:1:    layout_gridlike, serial_shops, shop, minivault_28
Elf:2:    elven_hall_of_blades_hangedman_alternative
          [nicolae_blade_little_rooms], layout_geoelf_octagon, minivault_14,
          minmay_misc_feat_ornament, minmay_misc_feat_five,
          small_statue_intersection
Elf:3:    minmay_elf_hall_statues, layout_loops_corners, serial_shops,
          nicolae_shop_behind_doors, nrook_loot_triangle,
          nicolae_concentric_dashed_squares_wild,
          nicolae_elf_loose_elemental_storage

Skill      XL: |  1  2  3  4  5  6  7  8  9 10 11 12 13 14 15 16 17 |
---------------+----------------------------------------------------+-----
Spellcasting   | 3 4 5 6 10 11 12 14 | 14.8
Summonings     | 5 6 8 9 11 12 15 18 19 20 21 22 | 22.5
Hexes          | 3 5 |  5.0
Stealth        | 9 10 15 18 | 18.8
Dodging        | 4 6 9 10 12 13 16 | 16.0
Fighting       | 2 4 6 9 10 11 14 13 | 14.0
Air Magic      | 2 4 5 6 |  6.0
Translocations | 1 5 6 11 15 | 15.0

Action                   |  1- 3 |  4- 6 |  7- 9 | 10-12 | 13-15 | 16-18 || total
-------------------------+-------+-------+-------+-------+-------+-------++-------
Melee: Unarmed           |    49 |    39 |    82 |    36 |    93 |    44 ||   343
       Bite              |     5 |     3 |     6 |     2 |     9 |     4 ||    29
 Cast: Summon Small Mamm |    12 |    16 |     4 |     1 |       |       ||    33
       Call Imp          |    12 |    16 |    24 |    10 |     3 |       ||    65
       Call Canine Famil |     1 |    12 |    59 |    59 |    89 |    28 ||   248
       Summon Guardian G |       |       |    27 |    49 |    25 |     4 ||   105
       Summon Lightning  |       |       |    18 |    45 |    41 |     5 ||   109
       Summon Forest     |       |       |       |     6 |    46 |    45 ||    97
       Summon Hydra      |       |       |       |       |   107 |   540 ||   647
       Monstrous Menager |       |       |       |       |       |    81 ||    81
       Summon Cactus Gia |       |       |       |       |       |    49 ||    49
       Airstrike         |       |       |       |       |       |    26 ||    26
       Malign Gateway    |       |       |       |       |       |     3 ||     3
Invok: Call Merchant     |       |       |       |       |     3 |     3 ||     6
       Bribe Branch      |       |       |       |       |       |     1 ||     1
Evoke: Wand              |       |       |       |     4 |     2 |       ||     6
  Use: Scroll            |       |     3 |     7 |    10 |     4 |    14 ||    38
       Potion            |       |       |       |       |       |     1 ||     1
 Stab: Sleeping          |     1 |       |       |       |       |       ||     1
       Distracted        |       |       |     5 |     2 |     7 |     2 ||    16
       Petrifying        |       |       |       |     1 |       |       ||     1
       Petrified         |       |       |       |     1 |       |       ||     1
Armor: Skin              |     5 |    12 |    32 |    12 |    60 |    21 ||   142
Dodge: Dodged            |    49 |    43 |   147 |   119 |   336 |   316 ||  1010
Block: Other             |       |       |       |       |       |    46 ||    46
       Reflection        |       |       |       |       |       |     7 ||     7

Table legend: (Time is in decaauts)
 A = Elapsed time spent in this place.
 B = Non-inter-level travel time spent in this place.
 C = Inter-level travel time spent in this place.
 D = Time resting spent in this place.
 E = Time spent auto-exploring this place.
 F = Levels seen in this place.
 G = Mean time per level.
                   A        B        C        D        E       F      G
               +--------+--------+--------+--------+--------+-----+--------+
         Total |  62699 |  59731 |   2968 |  20644 |  27632 |  37 | 1694.6 |
       Dungeon |  20852 |  19528 |   1324 |   6070 |   9180 |  15 | 1390.1 |
          Lair |  11171 |  10429 |    742 |   1594 |   6593 |   6 | 1861.8 |
         Swamp |   7291 |   7077 |    214 |   2549 |   3686 |   4 | 1822.8 |
     Snake Pit |  12211 |  11858 |    353 |   5943 |   4105 |   4 | 3052.8 |
    Slime Pits |      1 |      1 |      0 |      0 |      0 |   1 |    1.0 |
  Orcish Mines |   3671 |   3429 |    242 |    893 |   1931 |   2 | 1835.5 |
   Elven Halls |   5971 |   5880 |     91 |   3025 |   1605 |   3 | 1990.3 |
       Ossuary |    473 |    473 |      0 |    127 |    162 |   1 |  473.0 |
        Bailey |   1055 |   1055 |      0 |    441 |    366 |   1 | 1055.0 |
               +--------+--------+--------+--------+--------+-----+--------+

Top non-repeatable levels by time:
 Snake:4: 6480 daAuts
   Elf:2: 3345 daAuts
  Lair:6: 3333 daAuts
 Snake:2: 2592 daAuts
   Elf:1: 2285 daAuts
    D:15: 2192 daAuts
 Swamp:4: 2177 daAuts
     D:4: 1961 daAuts
   Orc:2: 1942 daAuts
 Swamp:2: 1858 daAuts
    D:13: 1810 daAuts
  Lair:3: 1770 daAuts
  Lair:1: 1744 daAuts
 Snake:1: 1733 daAuts
 Swamp:3: 1732 daAuts
